 Dungeon Sprint DCSS version 0.28-a0-563-gf77a47075d (webtiles) character file.

Game seed: 3430574021147987918

437 Conn the Arsonist (level 7, -10/35 (41) HPs)
             Began as an Octopode Fire Elementalist on Sept 30, 2021.
             Was an Initiate of Sif Muna.
             Killed by an exploding Sonja (18 damage)
             ... ignited by their inner flame
             ... in the Dungeon (Sprint I: "Red Sonja").
             The game lasted 00:03:07 (379 turns).

Conn the Arsonist (Octopode Fire Elementalist)       Turns: 379, Time: 00:03:07

HP:   -10/35 (41)   AC:  1    Str:  7    XL:     7   Next: 1%
MP:   12/16         EV: 15    Int: 20    God:    Sif Muna [......]
Gold: 307           SH:  0    Dex: 12    Spells: 8/19 levels left

rFire   . . .      SeeInvis .   c - +2 scythe (pain)
rCold   . . .      Faith    .   (shield currently unavailable)
rNeg    . . .      Spirit   .   (helmet restricted)
rPois   .          Reflect  .   (no amulet)
rElec   .          Harm     .   (no ring)
rCorr   .          Rampage  .   (no ring)
Will    .....      NoTele   +   (no ring)
Stlth   ++++......              (no ring)
HPRegen 0.11/turn               (no ring)
MPRegen 0.15/turn               (no ring)
                                (no ring)
                                (no ring)

@: slowed, heavily drained, very slow
A: almost no armour, amphibious, 8 rings, camouflage 1, gelatinous body 1,
(nimble swimmer 1), tentacles
a: Renounce Religion


You were in the Dungeon.
You worshipped Sif Muna.
Sif Muna was noncommittal.
You visited 1 branch You collected 307 gold pieces.

Inventory:

Hand Weapons
 c - a +2 scythe of pain (weapon)
 e - a +0 dagger
Scrolls
 f - a scroll of blinking
 g - 3 scrolls of identify {unknown}
Potions
 b - a potion of heal wounds
 d - a potion of magic


   Skills:
 + Level 5.6 Dodging
 + Level 6.3 Stealth
 + Level 6.5 Spellcasting
 + Level 2.4 Conjurations
 + Level 1.9 Hexes
 + Level 10.8 Fire Magic


You had 8 spell levels left.
You knew the following spells:

 Your Spells              Type           Power      Damage    Failure   Level
a - Foxfire               Conj/Fire      100%       2x1d9     1%          1
b - Conjure Flame         Conj/Fire      33%        6-21      1%          3
c - Inner Flame           Hex/Fire       32%        N/A       2%          3
d - Flame Wave            Conj/Fire      33%        3d7       6%          4

Your spell library contained the following spells:

 Spells                   Type           Power      Damage    Failure   Level
 Scorch                   Fire           98%        2d10      1%          2


Dungeon Overview and Level Annotations

Branches:
Dungeon (1/1)

Altars:
Cheibriados
Dithmenos
Elyvilon
Fedhas
Gozag
Hepliaklqana
Kikubaaqudgha
Nemelex Xobeh
Okawaru
Qazlal
Ru
Sif Muna
Trog
Uskayaw
Vehumet
Wu Jian
Yredelemnul
Zin
The Shining One

Shops:
D :


Innate Abilities, Weirdness & Mutations

You cannot wear most types of armour.
You are amphibious.
You can wear up to eight rings at the same time.
Your skin changes colour to match your surroundings (Stealth+).
Your rubbery body absorbs attacks. (AC +1, EV +1)
((You are camouflaged near water. (Stealth+)))
You have tentacles for arms and can constrict up to eight enemies at once.


Message History

Sonja, the Graceful Assassin comes into view.
She is wielding a +1 short sword of draining and quivering curare-tipped darts.
Found 108 gold pieces.
Casting: Foxfire (safe; 1% risk of failure)
Confirm with . or Enter, or press ? or * to list all spells.
Aiming: Inner Flame (dangerous; 2% risk of failure)
Press: ? - help, Shift-Dir - straight line, f - Sonja
Aim: Sonja, wielding a +1 short sword of draining and quivering curare-tipped darts (asleep, chance to affect: 91%) Sonja shouts!
Sonja is filled with an inner flame.
Sonja throws a curare-tipped dart.
The curare-tipped dart hits you.
You are poisoned.
You have difficulty breathing.
You feel yourself slow down.
Casting: Inner Flame (dangerous; 2% risk of failure)
Confirm with . or Enter, or press ? or * to list all spells.
You conjure some foxfire!
You feel very sick.
Sonja mumbles some strange words.
Sonja blinks!
Sonja misses you.
Sonja hits you with a +1 short sword of draining!
You feel drained.
Sonja hits you with a +1 short sword of draining.
You feel drained.
You feel better.
The foxfire hits Sonja.
Flame seeps out of Sonja.
Sonja is lightly wounded.
The foxfire hits Sonja!
Flame seeps out of Sonja.
Sonja is heavily wounded.
Sonja is engulfed in blazing flames.
Flame seeps out of Sonja.
Sonja closely misses you.
Sonja hits you with a +1 short sword of draining.
You feel drained.
Sonja hits you with a +1 short sword of draining!
* * * LOW HITPOINT WARNING * * *
You feel drained.
* * * LOW HITPOINT WARNING * * *
Sonja is engulfed in blazing flames.
Sif Muna accepts your kill.
Sonja explodes!
The fiery explosion engulfs you!!
Ouch! That really hurt!
You die...

################
#<.#..'..#..'..#
#..'[v#..[.§#..+
#.)#####'#####'#
#..####..#...#.#
#..#__####..##.#
#..#_____##§#§.+
#⌠⌠#_.∩...'§○§_#
####_..__##_@#'#
#_____###§#.#
####### #.###
$.$ $§$ ##.##
#+#


There were no monsters in sight!

Vanquished Creatures
  Sonja (D)
  Sigmund (D)
  A yak (D)
  An ogre (D)
  A jelly (D)
  Ijyb (D)
6 creatures vanquished.

Vanquished Creatures (others)
  22 foxfires (D)
22 creatures vanquished.

Grand Total: 28 creatures vanquished

Notes
Turn   | Place    | Note
-------+----------+-------------------------------------------
     0 | D        | Conn the Octopode Fire Elementalist began the quest for the
                  | Orb.
     0 | D        | Reached XP level 1. HP: 11/11 MP: 3/3
     1 | D        | Noticed Ijyb
    13 | D        | Killed Ijyb
    14 | D        | Reached skill level 5 in Fire Magic
    14 | D        | Reached XP level 2. HP: 16/17 MP: 4/6
    14 | D        | Reached XP level 3. HP: 20/21 MP: 4/7
   121 | D        | Learned a level 3 spell: Conjure Flame
   125 | D        | Learned a level 3 spell: Inner Flame
   125 | D        | Noticed an ogre
   137 | D        | Killed an ogre
   138 | D        | Reached skill level 7 in Fire Magic
   138 | D        | Reached XP level 4. HP: 27/27 MP: 0/10
   165 | D        | Noticed Sigmund
   171 | D        | Killed Sigmund
   172 | D        | Reached skill level 5 in Stealth
   172 | D        | Reached skill level 5 in Spellcasting
   172 | D        | Reached skill level 1 in Hexes
   172 | D        | Reached skill level 9 in Fire Magic
   172 | D        | Reached XP level 5. HP: 31/31 MP: 5/13
   172 | D        | Reached XP level 6. HP: 36/36 MP: 5/14
   191 | D        | Learned a level 4 spell: Flame Wave
   246 | D        | Found a shimmering blue altar of Sif Muna.
   247 | D        | Found an ornate altar of the Wu Jian Council.
   262 | D        | Reached skill level 5 in Dodging
   273 | D        | Found a radiant altar of Vehumet.
   312 | D        | Found Jurref's Book Emporium.
   312 | D        | Found an ancient bone altar of Kikubaaqudgha.
   312 | D        | Found a hazy altar of Hepliaklqana.
   312 | D        | Found a stormy altar of Qazlal.
   312 | D        | Found a hide-covered altar of Uskayaw.
   312 | D        | Found a blossoming altar of Fedhas.
   312 | D        | Found a bloodstained altar of Trog.
   312 | D        | Found an iron altar of Okawaru.
   312 | D        | Found a basalt altar of Yredelemnul.
   312 | D        | Found a glowing golden altar of the Shining One.
   312 | D        | Found a snail-covered altar of Cheibriados.
   312 | D        | Found a sacrificial altar of Ru.
   312 | D        | Found a glowing silver altar of Zin.
   312 | D        | Found a shadowy altar of Dithmenos.
   312 | D        | Found a white marble altar of Elyvilon.
   312 | D        | Noticed a yak
   318 | D        | Killed a yak
   319 | D        | Reached skill level 10 in Fire Magic
   319 | D        | Reached XP level 7. HP: 41/41 MP: 9/16
   320 | D        | Became a worshipper of Sif Muna the Loreminder
   365 | D        | Found an opulent altar of Gozag.
   366 | D        | Found a sparkling altar of Nemelex Xobeh.
   376 | D        | Noticed Sonja
   379 | D        | Killed Sonja
   379 | D        | Killed by an exploding Sonja... ignited by their inner
                  | flame

Illustrated notes

Levels and vault maps discovered:
D:        dungeon_sprint_1 [red_sonja_temple_1, red_sonja_temple_small_1]

Skill      XL: |  1  2  3  4  5  6 |
---------------+-------------------+-----
Stealth        | 3 4 5 6 |  6.3
Spellcasting   | 3 4 5 6 |  6.5
Fire Magic     | 5 7 9 10 | 10.8
Dodging        | 3 4 5 |  5.6
Hexes          | 1 |  1.9
Conjurations   | 2 |  2.4

Action                   |  1- 3 |  4- 6 |  7- 9 || total
-------------------------+-------+-------+-------++-------
Melee: Unarmed           |     8 |       |       ||     8
       Constrict         |     1 |       |       ||     1
       Scythe            |       |     1 |       ||     1
 Cast: Foxfire           |     4 |     9 |     1 ||    14
       Inner Flame       |     1 |     2 |     1 ||     4
       Conjure Flame     |       |     1 |       ||     1
  Use: Potion            |     2 |     1 |     1 ||     4
Dodge: Dodged            |     2 |       |     2 ||     4

Table legend: (Time is in decaauts)
 A = Elapsed time spent in this place.
 B = Non-inter-level travel time spent in this place.
 C = Inter-level travel time spent in this place.
 D = Time resting spent in this place.
 E = Time spent auto-exploring this place.
 F = Levels seen in this place.
 G = Mean time per level.
                   A        B        C        D        E       F      G
               +--------+--------+--------+--------+--------+-----+--------+
         Total |    366 |    366 |      0 |    200 |      0 |   1 |  366.0 |
       Dungeon |    366 |    366 |      0 |    200 |      0 |   1 |  366.0 |
               +--------+--------+--------+--------+--------+-----+--------+

Top non-repeatable levels by time:
       D: 366 daAuts
